 Dungeon Crawl Stone Soup version 0.29.1-15-g9cfb28693d (webtiles) character file.

Game seed: 5181528179329995128

53 P0WERM0DE the Charlatan (level 3, 0/28 HPs)
             Began as a Palentonga Artificer on Mar 13, 2023.
             Slain by Ijyb the kobold
             ... wielding a +0 club
              (1 damage)
             ... on level 3 of the Dungeon.
             The game lasted 00:01:41 (691 turns).

P0WERM0DE the Charlatan (Palentonga Artificer)       Turns: 691, Time: 00:01:41

Health: 0/28       AC:  6    Str: 17    XL:     3   Next: 62%
Magic:  3/3        EV:  9    Int: 13    God:
Gold:   67         SH:  0    Dex: 10    Spells: 2/2 levels left

rFire   . . .      SeeInvis +   m - +3 dagger
rCold   . . .      Faith    .   (no shield)
rNeg    . . .      Spirit   .   b - +0 leather armour
rPois   .          Reflect  .   k - +0 helmet
rElec   .          Harm     .   (no cloak)
rCorr   .          Rampage  .   n - +0 pair of gloves
Will    .....                   (no barding)
Stlth   +.........              (no amulet)
HPRegen 0.09/turn               (no ring)
MPRegen 0.08/turn               (no ring)

@: no status effects
A: large, rugged brown scales 3, see invisible, deformed body, roll 1, armoured
tail
a: Rolling Charge


You were on level 3 of the Dungeon.
You visited 1 branch of the dungeon, and saw 3 of its levels.

You collected 67 gold pieces.

Inventory:

Hand Weapons
 a - a +0 club
 f - a +0 spear
   (You found it on level 1 of the Dungeon)
 j - a +0 dagger
   (You took it off a goblin on level 3 of the Dungeon)
 m - a +3 dagger (weapon)
   (You found it on level 2 of the Dungeon)
Missiles
 g - 2 poisoned darts
Armour
 b - a +0 leather armour (worn)
 k - a +0 helmet (worn)
   (You took it off Robin on level 3 of the Dungeon)
 n - a +0 pair of gloves (worn)
   (You found it on level 2 of the Dungeon)
Wands
 c - a wand of flame (11) (quivered)
 d - a wand of charming (14)
 l - a wand of polymorph (8)
   (You took it off Robin on level 3 of the Dungeon)
Scrolls
 i - a scroll of identify {unknown}
Potions
 e - a potion of curing {unknown}
 h - a potion of invisibility {unknown}
 o - a potion of haste {unknown}


   Skills:
 * Level 2.2 Fighting
 - Level 1.5 Armour
 - Level 0.7 Dodging
 - Level 0.5 Stealth
 * Level 1.7 Unarmed Combat
 * Level 3.2 Evocations


You had 2 spell levels left.
You didn't know any spells.
Your spell library was empty.

Dungeon Overview and Level Annotations

Branches:
Dungeon (3/15)

Altars:

Annotations:
D:3 Ijyb


Innate Abilities, Weirdness & Mutations

You are completely covered in rugged brown scales. (AC +3, +7% HP)
You have supernaturally acute eyesight. (SInv)
Armour fits poorly on your strangely shaped body.
You can roll at nearby foes to attack.
You have a long armoured tail.


Message History

You kill the worm!
The hobgoblin barely misses you.
Aiming: Iceblast
Press: ? - help, Shift-Dir - straight line The mass of ice explodes!
The iceblast engulfs the hobgoblin!
You kill the hobgoblin!
The iceblast engulfs the endoplasm!
You kill the endoplasm!
The now-empty wand crumbles to dust.
You hear a shout!
You see here a +0 whip.
e - a brown potion Ijyb the Twisted Goblin comes into view.
She is wielding a +0 club and carrying a wand of roots (9).
Aiming: Polymorph
Press: ? - help, Shift-Dir - straight line, f - Ijyb
Aim: Ijyb, wielding a +0 club, wearing a +0 scale mail and carrying a wand of roots (9) (will become a centaur, a kobold, or an iguana, chance to affect: 66%) Ijyb evaporates and reforms as a kobold!
Ijyb picks up a +0 club.
Ijyb wields a +0 club.
Ijyb picks up a +0 scale mail.
Ijyb wears a +0 scale mail.
Ijyb picks up a wand of roots (9).
Ijyb zaps a wand.
The roots erupt in riotous growth!
The grasping roots grab you! The grasping roots constrict you.
* * * LOW HITPOINT WARNING * * *
You hear a shout! x2
Roll where?
Press: ? - help, Dir - move target, f/p - Ijyb
Aim: Ijyb the kobold, wielding a +0 club, wearing a +0 scale mail and carrying a wand of roots (8)
The roots grasp on you weakens, but your attempt to escape fails.
The grasping roots constrict you.
* * * LOW HITPOINT WARNING * * *
Roll where?
Press: ? - help, Dir - move target, f/p - Ijyb
Aim: Ijyb the kobold, wielding a +0 club, wearing a +0 scale mail and carrying a wand of roots (8)
You escape the roots grasp.
You roll forward with a clatter of scales!
Found 11 gold pieces.
You closely miss Ijyb. Ijyb barely misses you.
You hit Ijyb but do no damage. Ijyb hits you but does no damage.
You closely miss Ijyb. Ijyb hits you with a +0 club.
You die...

.# #.........####.# .##
#.....†>....>... ..#####
#.....).........
#.....####...............
##.##...###........#.....
........###........#....#
####.#####...........# #
#[......##......°....#
)†)..##..#......@....#
).....##........K....#
.....................#
..<....####........#.#
.....#.# ##......#...$
#......# ###....#....#
###...## ##...# .. #
#...# #.... ... ...#


You could see Ijyb the kobold.

Vanquished Creatures
  Robin (D:3)
  A worm (D:3)
  A dart slug (D:3)
  3 endoplasms
  12 goblins
  2 hobgoblins (D:3)
  2 jackals (D:1)
  2 kobolds
  3 quokkas
  A bat (D:3)
  3 rats
31 creatures vanquished.

Notes
Turn   | Place    | Note
-------+----------+-------------------------------------------
     0 | D:1      | P0WERM0DE the Palentonga Artificer began the quest for the
                  | Orb.
     0 | D:1      | Reached XP level 1. HP: 16/16 MP: 1/1
   527 | D:2      | Reached XP level 2. HP: 22/22 MP: 2/2
   539 | D:3      | Noticed Robin
   541 | D:3      | Reached skill level 1 in Unarmed Combat
   544 | D:3      | Reached skill level 3 in Evocations
   544 | D:3      | Killed Robin
   545 | D:3      | Reached XP level 3. HP: 25/28 MP: 3/3
   683 | D:3      | Noticed Ijyb
   684 | D:3      | Noticed Ijyb
   684 | D:3      | Ijyb changed into Ijyb the kobold
   688 | D:3      | HP: 1/28 [constriction (3)]
   691 | D:3      | Slain by Ijyb the kobold

Illustrated notes

Levels and vault maps discovered:
D:1:      minmay_arrival_split_and_join, layout_basic, serial_shops,
          shop_statue, minivault_4, fountainhead
D:2:      layout_rooms, serial_shops,
          nicolae_shop_temple_entry_statues_fountains, st_stairs_8
D:3:      layout_rooms, nicolae_ecumenical_lake_church,
          nicolae_figureground_pulse, uniq_terence, uniq_robin, uniq_ijyb,
          uniq_sigmund

Skill      XL: |  1  2  3 |
---------------+----------+-----
Unarmed Combat | 1 |  1.7
Evocations     | 3 |  3.2
Fighting       | 2 |  2.2
Armour         | |  1.5
Dodging        | |  0.7
Stealth        | |  0.5

Action                   || total
-------------------------++-------
Melee: Spear             ||    40
       Tailslap          ||     7
       Dagger            ||    29
       Punch             ||     1
 Abil: Rolling Charge    ||     7
Evoke: Wand              ||    11
  Use: Potion            ||     1
 Stab: Betrayed ally     ||     1
Armor: Leather armour    ||    38
Dodge: Dodged            ||    37
